 Dungeon Crawl Stone Soup version 0.30.1-11-g7821555f0a (webtiles) character file.

Game seed: 9567324228054676529

100 comborobin the Sneak (level 4, 0/37 HPs)
             Began as a Demigod Delver on Dec 16, 2023.
             Succumbed to an adder's poison
             ... on level 3 of the Dungeon.
             The game lasted 00:02:01 (1294 turns).

comborobin the Sneak (Demigod Delver)               Turns: 1294, Time: 00:02:02

Health: 0/37       AC:  6    Str: 17    XL:     4   Next: 23%
Magic:  6/6        EV: 10    Int: 12    God:
Gold:   87         SH:  0    Dex: 15    Spells: 3/3 levels left

rFire   . . .        f - +0 flail
rCold   . . .        (no shield)
rNeg    . . .        m - +0 scale mail
rPois   .            (no helmet)
rElec   .            (no cloak)
rCorr   .            (no gloves)
SInv    .            (no boots)
Will    .....        (no amulet)
Stlth   +            (no ring)
HPRegen 0.26/turn    (no ring)
MPRegen 0.10/turn

%: no passive effects
@: lethally poisoned (0 -> -6)
A: high MP 1, forlorn, divine attributes
a: no special abilities


You were on level 3 of the Dungeon.
You visited 1 branch of the dungeon, and saw 4 of its levels.

You collected 87 gold pieces.

Inventory:

Hand Weapons
 a - a +0 mace
 f - a +0 flail (weapon)
Missiles
 j - 2 poisoned darts (quivered)
Armour
 b - a +0 leather armour
 h - a +0 ring mail
 m - a +0 scale mail (worn)
Wands
 g - a wand of digging (3)
Scrolls
 c - a scroll of fog
 d - a scroll of magic mapping
 e - a scroll of fear
 i - a scroll of blinking {unknown}
 k - 2 scrolls of identify {unknown}
 l - a scroll of enchant armour {unknown}
 n - a scroll of enchant weapon {unknown}


   Skills:
 - Level 2.6 Fighting
 + Level 4.0 Maces & Flails
 * Level 1.2 Armour
 - Level 1.7 Dodging
 - Level 4.5 Stealth


You had 3 spell levels left.
You didn't know any spells.
Your spell library contained the following spells:

 Spells                   Type           Power      Damage    Failure   Level
 Portal Projectile        Hex/Tloc       0%         N/A       98%         3
 Tukima's Dance           Hex            0%         N/A       98%         3
 Blade Hands              Tmut           0%         N/A       100%        5


Dungeon Overview and Level Annotations

Branches:
Dungeon (5/15)             Temple (0/1) D:4


Innate Abilities, Weirdness & Mutations

You have an increased reservoir of magic. (+10% MP)
You shall have no god before yourself.
Your divine heritage dramatically boosts your attributes as you level up.


Message History

You kill the rat!
You are too injured to fight recklessly!
You thump the hobgoblin!
You kill the hobgoblin!
You are too injured to fight recklessly!
You now have 87 gold pieces (gained 8).
Items here: ) [ †††.
No target in view!
You see here a +0 ring mail.
An adder comes into view.
You enter the shallow water.
Moving in this stuff is going to be slow.
The adder hisses angrily.
The adder bites you but does no damage. The adder bites you.
You closely miss the adder. The adder bites you.
You are poisoned.
The adder poisons you!
You closely miss the adder.
You feel sick. The adder bites you but does no damage. The adder bites you.
You are more poisoned.
The adder poisons you!
Your unstable footing causes you to fumble your attack.
You feel sick. The adder bites you.
* * * LOW HITPOINT WARNING * * *
You are too injured to fight recklessly!
You barely miss the adder.
You feel sick. The adder completely misses you. The adder bites you.
* * * LOW HITPOINT WARNING * * *
You are more poisoned.
The adder poisons you!
You barely miss the adder.
You feel sick. The adder closely misses you.
You aren't carrying any potions.
You feel sick. The adder bites you.
* * * LOW HITPOINT WARNING * * *
The adder bites you.
* * * LOW HITPOINT WARNING * * *
You are more poisoned.
The adder poisons you! The adder attacks as you move away!
The adder barely misses you.
You die...

#....# .## ###########....#
....####..............#
.........#########....# #
........## #....# #
.#..###..# #....# ### ##
##)## #....# #.. #..#####
##.)## #.# ......#.[..@#
##..# ##.# ..........#~#
##.# #... #####....##S#####
#.# #.#.
........#~#...###.# ###...
......!..#~#.<...#.###...##
.......#.#~#............##
.........#~#.....##.##..# #
....... ##~#........#..####
#.#.....##...## #.


You could see an adder.

Vanquished Creatures
  An orc wizard (D:3)
  3 adders
  2 dart slugs
  4 orcs (D:3)
  2 ball pythons
  A bat (D:3)
  2 endoplasms
  A giant cockroach (D:2)
  3 goblins (D:2)
  4 hobgoblins
  7 jackals (D:2)
  A frilled lizard (D:2)
  4 kobolds
  3 rats (D:3)
38 creatures vanquished.

Notes
Turn   | Place    | Note
-------+----------+-------------------------------------------
     0 | D:5      | comborobin the Demigod Delver began the quest for the Orb.
     0 | D:5      | Reached XP level 1. HP: 18/18 MP: 3/3
     4 | D:5      | Noticed an iguana
    62 | D:4      | Found a staircase to the Ecumenical Temple.
   362 | D:3      | Reached XP level 2. HP: 22/25 MP: 4/4
   453 | D:3      | Reached XP level 3. HP: 30/30 MP: 5/5
  1196 | D:3      | Reached XP level 4. HP: 37/37 MP: 6/6
  1243 | D:3      | Reached skill level 1 in Armour
  1293 | D:3      | HP: 1/37 [adder (2)]
  1294 | D:3      | Succumbed to an adder's poison

Illustrated notes

Levels and vault maps discovered:
D:2:      layout_loops_cross
D:3:      layout_rooms, vehumet_crystals, portal_sewer_entry_d
D:4:      nicolae_cairo_tiling_large, layout_basic,
          mainiacjoe_overflow_six_doors_small, minmay_temple_entry_junction_2,
          uniq_sigmund
D:5:      layout_cave_pools, grunt_dithmenos_smoke, led_sif_pool,
          serial_column_ruins, column_ruins_circle_large, column_ruins_grid_1,
          column_ruins_columns_corner, column_ruins_grid_1,
          roderic_serpentine_path, kennysheep_dice, uniq_menkaure

Skill      XL: |  1  2  3  4 |
---------------+-------------+-----
Maces & Flails | 2 3 4 |  4.0
Armour         | 1 |  1.2
Fighting       | |  2.6
Dodging        | |  1.7
Stealth        | |  4.5

Action                     |  1- 3 |  4- 6 || total
---------------------------+-------+-------++-------
  Melee: Mace              |   111 |    14 ||   125
         Unarmed           |     8 |       ||     8
         Flail             |       |    34 ||    34
    Use: Potion            |     2 |       ||     2
   Stab: Sleeping          |     2 |       ||     2
 Armour: Ring mail         |    12 |       ||    12
         Skin              |    16 |       ||    16
         Scale mail        |    50 |    18 ||    68
  Dodge: Dodged            |    82 |    32 ||   114
